 Dungeon Crawl Stone Soup version 0.27-a0-860-gaf99fae3ca (webtiles) character file.

Game seed: 16161279612046843969

80 robertstho the Skirmisher (level 4, 0/45 HPs)
             Began as a Troll Delver on Apr 1, 2021.
             Slain by a sky beast (5 damage)
             ... on level 5 of the Dungeon.
             The game lasted 00:00:39 (232 turns).

robertstho the Skirmisher (Troll Delver)             Turns: 232, Time: 00:00:40

Health: 0/45       AC:  4    Str: 21    XL:     4   Next: 18%
Magic:  3/3        EV: 10    Int:  6    God:
Gold:   27         SH:  0    Dex: 11    Spells: 3/3 levels left

rFire    . . .     SeeInvis .     - Unarmed
rCold    . . .     Faith    .   (no shield)
rNeg     . . .     Spirit   .   a - +0 robe
rPois    .         Reflect  .   (helmet restricted)
rElec    .         Harm     .   (no cloak)
rCorr    .         Rampage  .   (gloves unavailable)
Will     .....                  (boots unavailable)
Stlth    ++........             (no amulet)
HPRegen  1.15/turn              (no ring)
MPRegen  0.08/turn              (no ring)

@: no status effects
A: large, unfitting armour, claws 3, regeneration 1, shaggy fur 1, tough skin 1
a: no special abilities


You were on level 5 of the Dungeon.
You visited 1 branch of the dungeon, and saw 1 of its levels.

You collected 27 gold pieces.

Inventory:

Armour
 a - a +0 robe (worn)
Wands
 f - a wand of digging (3)
 l - a wand of flame (10)
Scrolls
 b - a scroll of fog
 c - a scroll of magic mapping
 d - a scroll of fear
 g - a scroll of vulnerability {unknown}
 h - a scroll of acquirement {unknown}
 j - a scroll of identify {unknown}
 k - a scroll of noise {unknown}
Potions
 e - a potion of haste


   Skills:
 * Level 3.3 Fighting
 + Level 1.8 Dodging
 - Level 2.7 Stealth
 * Level 3.3 Unarmed Combat


You had 3 spell levels left.
You didn't know any spells.
Your spell library was empty.

Dungeon Overview and Level Annotations

Branches:
Dungeon (5/15)
 Temple: D:4-7

Altars:
Cheibriados


Innate Abilities, Weirdness & Mutations

You are too large for most types of armour.
You have claws for hands.
Your natural rate of healing is unusually fast.
You are covered in fur. (AC +1)
You have tough skin. (AC +1)


Message History

You are too injured to fight recklessly!
You are too injured to fight recklessly!
You are too injured to fight recklessly!
You are too injured to fight recklessly!
You are too injured to fight recklessly!
You are too injured to fight recklessly!
You are too injured to fight recklessly!
You are too injured to fight recklessly!
You are too injured to fight recklessly!
You are too injured to fight recklessly!
You are too injured to fight recklessly!
You are too injured to fight recklessly!
Unknown command.
You closely miss the sky beast.
The sky beast is moderately wounded.
The sky beast barely misses you.
You miss the sky beast.
The sky beast is moderately wounded.
You scratch the sky beast.
The sky beast is heavily wounded.
The sky beast hits you but does no damage.
You miss the sky beast.
The sky beast is heavily wounded.
The sky beast hits you. The sky beast shocks you.
You barely miss the sky beast.
The sky beast is heavily wounded.
The sky beast hits you. The sky beast shocks you.
It was a potion of heal wounds.
You feel much better.
The sky beast flickers out of sight!
Deactivating autopickup; reactivate with Ctrl-A.
Something hits you. Something shocks you.
You completely miss something. Something hits you. Something shocks you.
You miss something. Something hits you. Something shocks you.
You closely miss something. Something hits you. Something shocks you.
You claw something! Something hits you. Something shocks you.
* * * LOW HITPOINT WARNING * * *
You miss something. Your claw misses something. Something hits you.
* * * LOW HITPOINT WARNING * * *
Something shocks you.
You die...

### .. #########.#
. #...@{Y.#.###...
#.#####.......#
#####.# ##...####
#...#.# #.....#
###.....#
##........
#.....### ##..#####
##.##.##########...
#.##
#..............
...# #...
#...##...###..
##..# #..#


You could see an ice beast.

Vanquished Creatures
  A water moccasin skeleton (D:5)
  An orc wizard (D:5)
  An adder zombie (D:5)
  A dart slug (D:5)
  A quokka (D:5)
5 creatures vanquished.

Notes
Turn   | Place    | Note
-------+----------+-------------------------------------------
     0 | D:5      | robertstho the Troll Delver began the quest for the Orb.
     0 | D:5      | Reached XP level 1. HP: 22/22 MP: 0/0
    21 | D:5      | Found a snail-covered altar of Cheibriados.
   116 | D:5      | Noticed an orc wizard
   123 | D:5      | Reached XP level 2. HP: 29/29 MP: 1/1
   131 | D:5      | Noticed an ice beast
   146 | D:5      | Reached XP level 3. HP: 24/37 MP: 2/2
   148 | D:5      | Reached XP level 4. HP: 32/45 MP: 3/3
   213 | D:5      | Noticed a sky beast
   232 | D:5      | Slain by a sky beast

Illustrated notes

Levels and vault maps discovered:
D:5:      layout_loops_corners, kennysheep_slug_shrine, kennysheep_mini,
          minmay_starry_boxes

Skill      XL: |  1  2  3 |
---------------+----------+-----
Fighting       | 3 |  3.3
Unarmed Combat | 3 |  3.3
Dodging        | |  1.8
Stealth        | |  2.7

Action                   |  1- 3 |  4- 6 || total
-------------------------+-------+-------++-------
Melee: Unarmed           |    20 |    13 ||    33
  Use: Potion            |       |     1 ||     1
 Stab: Sleeping          |     1 |       ||     1
Armor: Robe              |     4 |     1 ||     5
Dodge: Dodged            |     4 |     2 ||     6

Table legend: (Time is in decaauts)
 A = Elapsed time spent in this place.
 B = Non-inter-level travel time spent in this place.
 C = Inter-level travel time spent in this place.
 D = Time resting spent in this place.
 E = Time spent auto-exploring this place.
 F = Levels seen in this place.
 G = Mean time per level.
                   A        B        C        D        E       F      G
               +--------+--------+--------+--------+--------+-----+--------+
         Total |    234 |    234 |      0 |      0 |    161 |   1 |  234.0 |
       Dungeon |    234 |    234 |      0 |      0 |    161 |   1 |  234.0 |
               +--------+--------+--------+--------+--------+-----+--------+

Top non-repeatable levels by time:
     D:5: 234 daAuts
